 Seeded DCSS version 0.29-a0-802-g34511f41fd (webtiles) character file.

Game seed: 1570133099386417921 (custom seed)

74 blackman the Sneak (level 4, -2/35 HPs)
             Began as a Human Delver on July 3, 2022.
             Was an Initiate of Ashenzari.
             Slain by a gnoll
             ... wielding a +0 halberd
              (12 damage)
             ... on level 5 of the Dungeon.
             The game lasted 00:00:56 (736 turns).

blackman the Sneak (Human Delver)                    Turns: 736, Time: 00:00:57

Health: -2/35      AC:  3    Str: 15    XL:     4   Next: 54%
Magic:  4/4        EV: 12    Int: 10    God:    Ashenzari [......]
Gold:   0          SH:  0    Dex: 14    Spells: 3/3 levels left

rFire   . . .      SeeInvis .   a - +0 hand axe
rCold   . . .      Faith    .   (no shield)
rNeg    . . .      Spirit   .   b - +0 leather armour
rPois   .          Reflect  .   (no helmet)
rElec   .          Harm     .   (no cloak)
rCorr   .          Rampage  .   (no gloves)
Will    .....                   (no boots)
Stlth   +++.......              (no amulet)
HPRegen 0.11/turn               (no ring)
MPRegen 0.09/turn               (no ring)

@: no status effects
A: no striking features
a: Renounce Religion


You were on level 5 of the Dungeon.
You worshipped Ashenzari.
Ashenzari was noncommittal.
You visited 2 branches of the dungeon, and saw 2 of its levels.

Inventory:

Hand Weapons
 a - a +0 hand axe (weapon)
Armour
 b - a +0 leather armour (worn)
Wands
 g - a wand of digging (3)
 h - a wand of iceblast (6)
Scrolls
 c - a scroll of fog
 d - a scroll of magic mapping
 e - a scroll of fear
Potions
 f - a potion of haste


   Skills:
 - Level 3.0 Fighting
 - Level 2.0 Axes
 * Level 3.8 Ranged Weapons
 - Level 2.0 Dodging
 - Level 5.0 Stealth


You had 3 spell levels left.
You didn't know any spells.
Your spell library was empty.

Dungeon Overview and Level Annotations

Branches:
Dungeon (5/15)             Temple (1/1) D:5

Altars:
Ashenzari
Cheibriados
Dithmenos
Elyvilon
Hepliaklqana
Kikubaaqudgha
Makhleb
Nemelex Xobeh
Qazlal
Ru
Sif Muna
Trog
Vehumet
Wu Jian
Xom
Yredelemnul
Zin
The Shining One

Annotations:
Temple 2 transporters


Message History

Done waiting.
Found a glowing golden altar of the Shining One.
Found two transporters.
Found a radiant altar of Vehumet and a snail-covered altar of Cheibriados.
Found three altars.
There is a transporter here.
You enter the transporter and appear at another place.
Unknown command.
Found a broken altar of Ashenzari and a sparkling altar of Nemelex Xobeh.
Found a basalt altar of Yredelemnul.
There is an ancient bone altar of Kikubaaqudgha here.
There is a broken altar of Ashenzari here.
You kneel at the altar of Ashenzari.
Ashenzari welcomes you!
Ashenzari warns you of distant threats and treasures.
Ashenzari reveals the structure of the dungeon to you.
Ashenzari shows you where magical portals lie.
Unknown command.
Press < or > to pray at altars.
There is an ancient bone altar of Kikubaaqudgha here.
There is a transporter here.
There is a transporter here.
You enter the transporter and appear at another place.
Found a burning altar of Makhleb.
There is a staircase back to the Dungeon here.
Your library has no spells.
There are no items here.
You climb upwards.
There is a staircase to the Ecumenical Temple here.
You enter the shallow water.
Moving in this stuff is going to be slow.
A gnoll comes into view. It is wielding a +0 halberd.
The gnoll hits you with a +0 halberd! The gnoll barely misses you.
The gnoll hits you from afar with a +0 halberd!
The gnoll closely misses you.
Found a scroll labelled DOCUDA DIYCRA, a pair of boots and a leather armour.
Found an escape hatch in the ceiling.
The gnoll hits you from afar with a +0 halberd.
* * * LOW HITPOINT WARNING * * *
There is an escape hatch in the ceiling here.
The gnoll hits you from afar with a +0 halberd!
You die...

.... . #............###
#[.#[?.......... .
#..#..........≈≈ ..#
###...........≈≈≈≈ ....
............≈≈≈≈≈≈
.....####..#.....≈≈≈≈≈≈.
.........o.......≈≈≈≈≈≈.
.......@.g.......≈≈≈≈≈≈.
.......##..#..#..≈≈≈≈≈≈≈
..#..#. #..#..#...≈≈≈≈≈≈
#. #.....#..#.....≈≈≈≈ #
#....##..........≈≈
#..................
....................
.####...............
................


You could see a gnoll and an orc.

Vanquished Creatures
  A phantom (D:5)
1 creature vanquished.

Vanquished Creatures (others)
  A gnoll (D:5)
1 creature vanquished.

Grand Total: 2 creatures vanquished

Notes
Turn   | Place    | Note
-------+----------+-------------------------------------------
     0 | D:5      | blackman the Human Delver began the quest for the Orb.
     0 | D:5      | Reached XP level 1. HP: 18/18 MP: 1/1
    11 | D:5      | Found a staircase to the Ecumenical Temple.
    15 | D:5      | Noticed a phantom
    33 | D:5      | Killed a phantom
    34 | D:5      | Reached XP level 2. HP: 5/24 MP: 2/2
    34 | D:5      | Reached XP level 3. HP: 6/29 MP: 3/3
    34 | D:5      | Reached XP level 4. HP: 8/35 MP: 4/4
    38 | Temple   | Entered the Ecumenical Temple
    38 | Temple   | Found a transporter.
    38 | Temple   | Found a transporter.
   679 | Temple   | Found a transporter.
   679 | Temple   | Found a transporter.
   695 | Temple   | Became a worshipper of Ashenzari the Shackled
   736 | D:5      | Slain by a gnoll

Illustrated notes

Levels and vault maps discovered:
D:5:      layout_basic, temple_pool_b, lemuel_flamethrower_2
Temple:   hellmonk_temple_divided_pantheon

Skill      XL: |  1 |
---------------+----+-----
Ranged Weapons | 3 |  3.8
Fighting       | |  3.0
Axes           | |  2.0
Dodging        | |  2.0
Stealth        | |  5.0

Action                   |  1- 3 |  4- 6 || total
-------------------------+-------+-------++-------
Melee: Hand axe          |    13 |       ||    13
       Punch             |     1 |       ||     1
Evoke: Wand              |     3 |       ||     3
Armor: Leather armour    |     4 |       ||     4
Dodge: Dodged            |     6 |     2 ||     8

Table legend: (Time is in decaauts)
 A = Elapsed time spent in this place.
 B = Non-inter-level travel time spent in this place.
 C = Inter-level travel time spent in this place.
 D = Time resting spent in this place.
 E = Time spent auto-exploring this place.
 F = Levels seen in this place.
 G = Mean time per level.
                   A        B        C        D        E       F      G
               +--------+--------+--------+--------+--------+-----+--------+
         Total |    741 |    706 |     35 |    639 |      0 |   2 |  370.5 |
       Dungeon |     63 |     60 |      3 |      0 |      0 |   1 |   63.0 |
        Temple |    678 |    646 |     32 |    639 |      0 |   1 |  678.0 |
               +--------+--------+--------+--------+--------+-----+--------+

Top non-repeatable levels by time:
  Temple: 678 daAuts
     D:5: 63 daAuts
